[Event "ICC tourney 2329 (3 2)"]
[Site "Internet Chess Club"]
[Date "2021.01.22"]
[Round "8"]
[White "avocuddle"]
[Black "Kyle45"]
[Result "1/2-1/2"]
[ICCResult "Game drawn by mutual agreement"]
[WhiteElo "1961"]
[BlackElo "1100"]
[Opening "Benoni defense, Hromodka system"]
[ECO "A56"]
[NIC "BI.38"]
[Time "23:43:03"]
[PlyCount "107"]
[TimeControl "180+2"]

1. d4 Nf6 2. c4 c5 3. d5 d6 4. Nc3 a6 5. e4 Nbd7 6. f3 g6 7. Nh3 Ne5 8. Nf2
Bg7 9. Be2 O-O 10. f4 Ned7 11. O-O Re8 12. Be3 b6 13. Qd2 Qc7 14. Bf3 Bb7
15. e5 dxe5 16. d6 exd6 17. Bxb7 Qxb7 18. Qxd6 Rad8 19. Qd2 exf4 20. Bxf4
Ne5 21. Qxd8 Rxd8 22. Bxe5 Ng4 23. Nxg4 Bxe5 24. Nxe5 Rf8 25. Nd5 b5 26.
Nf6+ Kg7 27. Nfd7 Re8 28. Rxf7+ Kh6 29. Ng4+ Kg5 30. Nde5 Re7 31. Raf1 h5
32. Rxe7 Qxe7 33. Nc6 Qe2 34. Nge5 Kh6 35. h3 bxc4 36. Nf3 Qxb2 37. Nce5 c3
38. Nd3 Qxa2 39. Nxc5 c2 40. Nd3 Qb1 41. Nc1 a5 42. Nd2 Qb2 43. Nc4 Qc3 44.
Nxa5 Qxa5 45. Rf2 Qe1+ 46. Rf1 Qe3+ 47. Kh2 h4 48. Kh1 Qd2 49. Kg1 Qd4+ 50.
Kh1 Qd1 51. Kg1 Qd4+ 52. Kh1 Qd1 53. Kg1 Qd2 54. Kh1 { Game drawn by mutual
agreement } 1/2-1/2

[Event "ICC tourney 2329 (3 2)"]
[Site "Internet Chess Club"]
[Date "2021.01.22"]
[Round "8"]
[White "michaelxiao"]
[Black "hackerguru"]
[Result "0-1"]
[ICCResult "White checkmated"]
[WhiteElo "1336"]
[BlackElo "1750"]
[Opening "Sicilian: Alapin's variation (2.c3)"]
[ECO "B22"]
[NIC "SI.47"]
[Time "23:43:15"]
[PlyCount "146"]
[TimeControl "180+2"]

1. e4 c5 2. c3 Nf6 3. e5 Nd5 4. d4 cxd4 5. cxd4 d6 6. exd6 Qxd6 7. Nf3 Nc6
8. Bc4 e6 9. Bxd5 Qxd5 10. Nc3 Bb4 11. O-O Bxc3 12. bxc3 O-O 13. Ba3 Re8
14. Qc2 b6 15. Rad1 Ba6 16. Rfe1 Na5 17. Re5 Qd7 18. Rh5 g6 19. Rh3 Nc4 20.
Bb4 Bb5 21. Ne5 Nxe5 22. dxe5 Qb7 23. Rd6 Rad8 24. c4 Bc6 25. Rxd8 Rxd8 26.
Rd3 Rc8 27. f3 Bd5 28. Rc3 Bc6 29. c5 a5 30. Ba3 b5 31. Rb3 b4 32. Bb2 Ba4
33. Qc4 Bxb3 34. axb3 Qc6 35. Bd4 Qd5 36. Qxd5 exd5 37. Kf2 Kf8 38. f4 Ke7
39. g4 Ke6 40. Ke3 h5 41. g5 Kd7 42. h3 Ra8 43. Kd3 a4 44. Kc2 axb3+ 45.
Kxb3 Ra3+ 46. Kxb4 Rxh3 47. Kb5 Rb3+ 48. Ka6 Kc6 49. Ka5 Rf3 50. e6 fxe6
51. Be5 h4 52. Bd6 h3 53. f5 Rxf5 54. Kb4 Rxg5 55. Kc3 Rh5 56. Kd4 h2 57.
Bxh2 Rxh2 58. Ke5 Kxc5 59. Kf6 d4 60. Ke7 d3 61. Kf8 d2 62. Kg8 d1=Q 63.
Kg7 Qd7+ 64. Kg8 Qe8+ 65. Kg7 Qh8+ 66. Kf7 Rh7+ 67. Kxe6 Qe8+ 68. Kf6 Rf7+
69. Kg5 Qe5+ 70. Kh6 Rf1 71. Kh7 Rh1+ 72. Kg8 Qc7 73. Kf8 Rh8# { White
checkmated } 0-1

[Event "ICC tourney 2329 (3 2)"]
[Site "Internet Chess Club"]
[Date "2021.01.22"]
[Round "8"]
[White "JDD01"]
[Black "InfernoKing"]
[Result "1-0"]
[ICCResult "Black resigns"]
[WhiteElo "1817"]
[BlackElo "2133"]
[Opening "Giuoco Piano"]
[ECO "C50"]
[NIC "IG.02"]
[Time "23:43:55"]
[PlyCount "115"]
[TimeControl "180+2"]

1. e4 e5 2. Nf3 Nc6 3. Bc4 Bc5 4. O-O Nf6 5. d3 O-O 6. c3 d6 7. a4 a6 8.
Re1 Ba7 9. Nbd2 Ng4 10. Re2 Kh8 11. h3 Nh6 12. Nf1 f5 13. exf5 Nxf5 14. b4
d5 15. Ba2 Qd6 16. Ba3 b5 17. a5 Be6 18. Bc1 h6 19. Ne3 Nxe3 20. Bxe3 Bxe3
21. Rxe3 d4 22. cxd4 Bxa2 23. dxe5 Qe6 24. d4 Bd5 25. Nh4 Nxb4 26. Qb1 g5
27. Ng6+ Kg7 28. Nxf8 Rxf8 29. Qxb4 Rf7 30. Rc1 Qf5 31. Qd2 b4 32. e6 Bxe6
33. Rf3 Qd5 34. Rxf7+ Bxf7 35. Qxb4 c6 36. Rc5 Qe4 37. Re5 Qf4 38. Re7 c5
39. Qxc5 Qd2 40. Qe5+ Kg8 41. Ra7 Qc1+ 42. Kh2 Qd2 43. Ra8+ Kh7 44. Qh8+
Kg6 45. Rxa6+ Kf5 46. Qf6+ Ke4 47. Qe5+ Kd3 48. Qe3+ Qxe3 49. fxe3 Kxe3 50.
Rxh6 Kxd4 51. a6 Bd5 52. a7 Kc5 53. Rh8 Kb6 54. a8=Q Bxa8 55. Rxa8 Kc5 56.
Rg8 Kd4 57. Rxg5 Ke4 58. Rg3 { Black resigns } 1-0

[Event "ICC tourney 2329 (3 2)"]
[Site "Internet Chess Club"]
[Date "2021.01.22"]
[Round "8"]
[White "ZYCON"]
[Black "MChessy"]
[Result "1-0"]
[ICCResult "Black checkmated"]
[WhiteElo "1385"]
[BlackElo "1950"]
[Opening "Queen's pawn game"]
[ECO "E10"]
[NIC "QI.01"]
[Time "23:43:30"]
[PlyCount "93"]
[TimeControl "180+2"]

1. d4 Nf6 2. c4 e6 3. Nf3 d5 4. e3 Nbd7 5. Bd3 dxc4 6. Bxc4 Bd6 7. O-O O-O
8. Nc3 c5 9. e4 e5 10. d5 Ne8 11. Be3 f5 12. exf5 Rxf5 13. Bd3 Rf8 14. Ng5
Nef6 15. Ne6 Qe7 16. Nxf8 Qxf8 17. Bb5 Qf7 18. Bxd7 Bxd7 19. Rc1 Qg6 20.
Qc2 Bf5 21. Qe2 e4 22. Nb5 Bh3 23. f3 Be5 24. Bxc5 exf3 25. Qxf3 Bd7 26.
Nc3 Rc8 27. Be3 Ng4 28. h3 Nh2 29. Qf2 Bxh3 30. Ne2 Nxf1 31. Rxc8+ Bxc8 32.
Qxf1 Qh5 33. g3 Qg4 34. Bxa7 Bxg3 35. Qg2 Qg6 36. Qxg3 Qb1+ 37. Kg2 Qxb2
38. Qf3 Qxa2 39. Be3 Qa8 40. Kf2 Qa6 41. Kg2 Qg6+ 42. Qg3 Qe4+ 43. Qf3 Qg6+
44. Kf2 Qd6 45. Bf4 Qc5+ 46. Qe3 Qxd5 47. Qe8# { Black checkmated } 1-0

[Event "ICC tourney 2329 (3 2)"]
[Site "Internet Chess Club"]
[Date "2021.01.22"]
[Round "8"]
[White "Goran21"]
[Black "kurumania"]
[Result "0-1"]
[ICCResult "White resigns"]
[WhiteElo "2008"]
[BlackElo "2514"]
[Opening "Ruy Lopez: exchange variation, 5.O-O"]
[ECO "C68"]
[NIC "RL.08"]
[Time "23:43:09"]
[PlyCount "118"]
[TimeControl "180+2"]

1. e4 e5 2. Nf3 Nc6 3. Bb5 a6 4. Bxc6 dxc6 5. O-O Bd6 6. d4 exd4 7. Qxd4 f6
8. Rd1 Qe7 9. Nbd2 Be6 10. Nc4 O-O-O 11. e5 fxe5 12. Qa7 Bxc4 13. Bg5 Nf6
14. b3 Bd5 15. Nh4 Qe6 16. c4 Qg4 17. cxd5 Qxg5 18. dxc6 bxc6 19. Nf3 Qf4
20. Rac1 e4 21. Rxc6 exf3 22. Rdxd6 Qxd6 23. Qxa6+ Kd7 24. Rxd6+ cxd6 25.
Qb7+ Ke6 26. Qxf3 Rd7 27. a4 Rb8 28. a5 Kf7 29. a6 Ra7 30. Qc6 Rba8 31.
Qxd6 Rxa6 32. Qc7+ Kg8 33. h3 Re6 34. g4 h6 35. Kg2 Ree8 36. h4 Re4 37. f3
Re2+ 38. Kg3 Raa2 39. Qc4+ Kh8 40. g5 Rg2+ 41. Kf4 hxg5+ 42. hxg5 Nh5+ 43.
Kf5 Ra5+ 44. Ke6 Rgxg5 45. f4 Rgf5 46. Qc8+ Kh7 47. Qc2 Nxf4+ 48. Kd6 Ra6+
49. Kc7 g6 50. b4 Rf7+ 51. Kb8 Rb6+ 52. Kc8 Nd5 53. Qh2+ Kg8 54. Qe5 Ne7+
55. Kc7 Nc6+ 56. Kxb6 Nxe5 57. b5 g5 58. Kc5 g4 59. Kd4 Nd7 { White resigns
} 0-1

[Event "ICC tourney 2329 (3 2)"]
[Site "Internet Chess Club"]
[Date "2021.01.22"]
[Round "8"]
[White "jefferyx"]
[Black "TjkTiger"]
[Result "1-0"]
[ICCResult "Black forfeits on time"]
[WhiteElo "2825"]
[BlackElo "2597"]
[Opening "Czech Benoni defense"]
[ECO "A56"]
[NIC "OI.05"]
[Time "23:43:28"]
[PlyCount "155"]
[TimeControl "180+2"]

1. d4 Nf6 2. c4 c5 3. d5 e5 4. Nc3 d6 5. e4 Nbd7 6. a3 a6 7. b4 a5 8. bxa5
Be7 9. Bd3 h5 10. Nge2 h4 11. O-O Nh5 12. Nb5 Rxa5 13. f4 Nhf6 14. Bd2 Ra6
15. f5 Nh7 16. Kh1 Bg5 17. Ng1 Bxd2 18. Qxd2 Ndf6 19. Nh3 Bd7 20. a4 Ke7
21. a5 Ne8 22. Rfb1 Nhf6 23. Qc3 Kf8 24. Ra3 Rh6 25. Qd2 Kg8 26. Ng5 Nh5
27. Nh3 Nhf6 28. Bc2 Kf8 29. Nf2 Rh8 30. Rba1 Nh5 31. Nh3 Nhf6 32. Qg5 Rh5
33. Qe3 Rh8 34. Bd1 Nc7 35. Be2 Nfe8 36. Ng5 Rh6 37. Qd2 Nf6 38. Rf1 Nce8
39. Bf3 Ke7 40. Rb1 Rh8 41. Qa2 Kf8 42. Nc3 Bc8 43. Nb5 Nh5 44. Nh3 Nhf6
45. Ra1 Nh7 46. Qd2 Nhf6 47. Qg5 Bd7 48. Nc3 Qe7 49. Rb1 Bc8 50. Rb6 Ra8
51. Nb5 Nd7 52. Qc1 Nxb6 53. axb6 Ra6 54. Rxa6 bxa6 55. Na7 Qb7 56. Qa3
Qxb6 57. Nxc8 Qb7 58. Nxd6 Nxd6 59. Qxc5 Ke7 60. Qa3 Rc8 61. c5 Nb5 62. Qe3
f6 63. d6+ Kf8 64. Qf2 Nd4 65. Qxh4 Qf7 66. Bh5 Qg8 67. d7 Rd8 68. Be8 Nc6
69. Ng1 Ne7 70. Nf3 Qc4 71. Qe1 Qxc5 72. Nh4 a5 73. h3 a4 74. Qa1 a3 75.
Qa2 Qc1+ 76. Kh2 Rxe8 77. Ng6+ Nxg6 78. fxg6 { Black forfeits on time } 1-0

[Event "ICC tourney 2329 (3 2)"]
[Site "Internet Chess Club"]
[Date "2021.01.22"]
[Round "9"]
[White "Kokosnuss1000"]
[Black "JamesS"]
[Result "0-1"]
[ICCResult "White resigns"]
[WhiteElo "1650"]
[BlackElo "1364"]
[Opening "Caro-Kann: exchange variation"]
[ECO "B13"]
[NIC "CK.02"]
[Time "23:56:10"]
[PlyCount "47"]
[TimeControl "180+2"]

1. e4 c6 2. d4 d5 3. exd5 cxd5 4. Nf3 Nc6 5. Be2 Bf5 6. O-O e6 7. Nc3 Nf6
8. Re1 Be7 9. Bb5 O-O 10. Bf4 a6 11. Bxc6 bxc6 12. Ne5 c5 13. dxc5 Bxc5 14.
Nc6 Qb6 15. Ne5 Bxf2+ 16. Kh1 Bxe1 17. Qxe1 Qxb2 18. Rb1 Qxc2 19. Rc1 Qb2
20. Na4 Qd4 21. Qg3 Qxa4 22. Bh6 Bg6 23. Nf3 gxh6 24. Nh4 { White resigns }
0-1

[Event "ICC tourney 2329 (3 2)"]
[Site "Internet Chess Club"]
[Date "2021.01.22"]
[Round "9"]
[White "kurumania"]
[Black "JDD01"]
[Result "1-0"]
[ICCResult "Black resigns"]
[WhiteElo "2514"]
[BlackElo "1817"]
[Opening "Sicilian: Grand Prix attack"]
[ECO "B21"]
[NIC "SI.48"]
[Time "23:56:21"]
[PlyCount "31"]
[TimeControl "180+2"]

1. e4 c5 2. f4 Nc6 3. d3 g6 4. Nf3 Bg7 5. Be2 d6 6. O-O Nf6 7. Qe1 O-O 8.
Qh4 d5 9. e5 Ne8 10. Nc3 a6 11. Bd2 b5 12. Nd1 d4 13. Nf2 Bb7 14. Ng4 Qd7
15. Nh6+ Kh8 16. Ng5 { Black resigns } 1-0

[Event "ICC tourney 2329 (3 2)"]
[Site "Internet Chess Club"]
[Date "2021.01.22"]
[Round "9"]
[White "PearsonH"]
[Black "clair"]
[Result "1/2-1/2"]
[ICCResult "Game drawn by repetition"]
[WhiteElo "1752"]
[BlackElo "1681"]
[Opening "Robatsch (modern) defense"]
[ECO "A40"]
[NIC "KF.05"]
[Time "23:56:09"]
[PlyCount "55"]
[TimeControl "180+2"]

1. d4 g6 2. e4 Bg7 3. Bf4 e6 4. Nf3 Ne7 5. c4 d5 6. e5 O-O 7. Nc3 b6 8.
cxd5 exd5 9. Bd3 Ba6 10. Bxa6 Nxa6 11. a3 Nb8 12. O-O Nd7 13. Bg5 Qe8 14.
Bxe7 Qxe7 15. Nxd5 Qd8 16. Rc1 c5 17. dxc5 Nxc5 18. Re1 Re8 19. Nc3 Nd3 20.
Re2 Nxc1 21. Qxc1 Rc8 22. Qe1 Qd3 23. Re3 Qc4 24. Nd2 Qd4 25. Nf3 Qc4 26.
Nd2 Qd4 27. Nf3 Qc4 28. Nd2 { Game drawn by repetition } 1/2-1/2

[Event "ICC tourney 2329 (3 2)"]
[Site "Internet Chess Club"]
[Date "2021.01.22"]
[Round "9"]
[White "MChessy"]
[Black "michaelxiao"]
[Result "0-1"]
[ICCResult "White checkmated"]
[WhiteElo "1950"]
[BlackElo "1336"]
[Opening "French: exchange variation"]
[ECO "C01"]
[NIC "FR.01"]
[Time "23:56:29"]
[PlyCount "44"]
[TimeControl "180+2"]

1. e4 e6 2. d4 d5 3. exd5 exd5 4. Nc3 Nf6 5. Be3 Bb4 6. Nf3 Ne4 7. Qd3 Bg4
8. Ne5 Bf5 9. Qb5+ Nc6 10. Nxc6 Bxc3+ 11. bxc3 bxc6 12. Qxc6+ Bd7 13. Qxd5
Nxc3 14. Qe5+ Qe7 15. Qxg7 Rf8 16. Bc4 Bc6 17. O-O O-O-O 18. Ba6+ Kb8 19.
Qh6 Rd6 20. Qxh7 Rg6 21. g3 Qe4 22. Qh3 Qh1# { White checkmated } 0-1

[Event "ICC tourney 2329 (3 2)"]
[Site "Internet Chess Club"]
[Date "2021.01.22"]
[Round "9"]
[White "hackerguru"]
[Black "marinaxiao"]
[Result "1-0"]
[ICCResult "Black checkmated"]
[WhiteElo "1750"]
[BlackElo "1496"]
[Opening "English opening"]
[ECO "A16"]
[NIC "EO.64"]
[Time "23:56:12"]
[PlyCount "87"]
[TimeControl "180+2"]

1. c4 Nf6 2. Nc3 g6 3. g3 Bg7 4. Bg2 d6 5. e4 e5 6. Nge2 Nc6 7. d3 Bg4 8.
O-O Nd4 9. f3 Nxe2+ 10. Qxe2 Bd7 11. Be3 O-O 12. Rad1 Ne8 13. d4 exd4 14.
Bxd4 Nf6 15. Nd5 Nxd5 16. cxd5 Qe8 17. Bxg7 Kxg7 18. f4 Bb5 19. Qe3 Bxf1
20. Rxf1 Qe7 21. f5 h6 22. f6+ Qxf6 23. Rxf6 Kxf6 24. Qd4+ Ke7 25. e5 dxe5
26. Qxe5+ Kd7 27. Bh3+ Kd8 28. Qf6+ Ke8 29. Bf1 Rg8 30. Bb5+ Kf8 31. Bd7
Rg7 32. Kg2 c6 33. dxc6 bxc6 34. Bxc6 Rb8 35. Qd6+ Kg8 36. Qxb8+ Kh7 37.
Qxa7 h5 38. b4 h4 39. gxh4 g5 40. h5 g4 41. Be4+ Kh8 42. h6 Rg8 43. Qd4+
Rg7 44. Qxg7# { Black checkmated } 1-0

[Event "ICC tourney 2329 (3 2)"]
[Site "Internet Chess Club"]
[Date "2021.01.22"]
[Round "9"]
[White "al68067"]
[Black "anmolwarman"]
[Result "0-1"]
[ICCResult "White resigns"]
[WhiteElo "1155"]
[BlackElo "1187"]
[Opening "King's Indian: London system"]
[ECO "A45"]
[NIC "QP.03"]
[Time "23:56:20"]
[PlyCount "66"]
[TimeControl "180+2"]

1. d4 Nf6 2. Bf4 g6 3. Nf3 Bg7 4. e3 Nc6 5. c4 d6 6. Nc3 O-O 7. Bd3 Re8 8.
O-O e5 9. dxe5 dxe5 10. Bxg6 Qxd1 11. Rfxd1 hxg6 12. Bg3 Nh5 13. Nd5 Rb8
14. Nxc7 Rd8 15. Rxd8+ Nxd8 16. Nxe5 Nxg3 17. hxg3 Bxe5 18. Nd5 Be6 19. f4
Bxb2 20. Rb1 Bg7 21. Ne7+ Kh7 22. c5 Bxa2 23. Rc1 Nc6 24. Nxc6 bxc6 25. Rc2
Bb3 26. Rd2 a5 27. Rd6 Bd5 28. Kf2 a4 29. Rd7 Ra8 30. g4 a3 31. Rb7 a2 32.
f5 a1=Q 33. fxg6+ Kxg6 { White resigns } 0-1

[Event "ICC tourney 2329 (3 2)"]
[Site "Internet Chess Club"]
[Date "2021.01.22"]
[Round "9"]
[White "GGuseinov"]
[Black "jy2020"]
[Result "1-0"]
[ICCResult "Black resigns"]
[WhiteElo "2715"]
[BlackElo "2213"]
[Opening "Sicilian: closed"]
[ECO "B23"]
[NIC "SI.44"]
[Time "23:56:17"]
[PlyCount "61"]
[TimeControl "180+2"]

1. e4 c5 2. Nc3 d6 3. Bb5+ Bd7 4. Bxd7+ Qxd7 5. d4 cxd4 6. Qxd4 Nc6 7. Qd3
g6 8. Nf3 Bg7 9. O-O Nf6 10. Nd5 O-O 11. Bg5 Ne8 12. c4 Nc7 13. Rad1 h6 14.
Bc1 Ne6 15. Rfe1 Rfd8 16. b3 Rac8 17. Qd2 Qe8 18. Bb2 Nc7 19. Bxg7 Kxg7 20.
h4 h5 21. Re3 Ne6 22. Qb2+ Kg8 23. Rde1 a6 24. e5 dxe5 25. Nxe5 Nxe5 26.
Rxe5 Rc6 27. Qe2 b5 28. cxb5 Rc5 29. Nf6+ exf6 30. Rxc5 axb5 31. Qxb5 {
Black resigns } 1-0

[Event "ICC tourney 2329 (3 2)"]
[Site "Internet Chess Club"]
[Date "2021.01.22"]
[Round "9"]
[White "yogokings12"]
[Black "TjkTiger"]
[Result "0-1"]
[ICCResult "White resigns"]
[WhiteElo "1573"]
[BlackElo "2597"]
[Opening "Sicilian: Hungarian variation"]
[ECO "B27"]
[NIC "SI.43"]
[Time "23:57:00"]
[PlyCount "70"]
[TimeControl "180+2"]

1. e4 c5 2. Nf3 g6 3. d4 cxd4 4. Qxd4 Nf6 5. e5 Nc6 6. Qf4 Nd5 7. Qe4 Nb6
8. Nc3 Bg7 9. Bf4 d5 10. exd6 Bf5 11. dxe7 Qd7 12. Qe3 Nb4 13. Bb5 Nxc2+
14. Ke2 Nxe3 15. Bxd7+ Bxd7 16. Kxe3 Bxc3 17. bxc3 Nd5+ 18. Ke4 Bc6 19. Bg5
h6 20. Bh4 f5+ 21. Kd4 g5 22. Nxg5 hxg5 23. Bxg5 Nxe7 24. Rhe1 Rh7 25. f3
O-O-O+ 26. Kc4 Bd5+ 27. Kb4 Nc6+ 28. Kc5 b6+ 29. Kb5 Rg8 30. h4 Kb7 31. c4
a6+ 32. Ka4 Bxc4 33. Ka3 Rd7 34. Rac1 b5 35. Kb2 Nb4 { White resigns } 0-1

[Event "ICC tourney 2329 (3 2)"]
[Site "Internet Chess Club"]
[Date "2021.01.22"]
[Round "9"]
[White "DualMoneytime"]
[Black "HR2005"]
[Result "1-0"]
[ICCResult "Black resigns"]
[WhiteElo "1982"]
[BlackElo "2041"]
[Opening "Sicilian: Grand Prix attack"]
[ECO "B23"]
[NIC "SI.44"]
[Time "23:56:08"]
[PlyCount "97"]
[TimeControl "180+2"]

1. e4 c5 2. Nc3 Nc6 3. f4 g6 4. Nf3 Bg7 5. Bb5 Nd4 6. O-O e6 7. d3 Ne7 8.
Nxd4 cxd4 9. Ne2 a6 10. Ba4 b5 11. Bb3 d6 12. a4 b4 13. Bd2 a5 14. Qe1 Qb6
15. Qf2 Bd7 16. e5 dxe5 17. fxe5 O-O 18. Qxd4 Qxd4+ 19. Nxd4 Bxe5 20. Be3
Rfd8 21. Rab1 Be8 22. Nf3 Bg7 23. Bg5 Rd7 24. Bf4 Nd5 25. Bg3 Rc8 26. Ne5
Bxe5 27. Bxe5 Ne3 28. Rf2 Ng4 29. Re2 Nxe5 30. Rxe5 Ra8 31. Rbe1 Rd6 32.
Rc5 Kf8 33. Ree5 Ke7 34. Rxa5 Rda6 35. Rxa6 Rxa6 36. Re4 Bxa4 37. Rxb4 Bc6
38. Kf2 Ra1 39. c3 Rh1 40. h3 Rh2 41. Rg4 h5 42. Rg3 h4 43. Rg4 f5 44. Rxg6
e5 45. Kg1 Rxg2+ 46. Rxg2 Bxg2 47. Kxg2 Kf6 48. Kf3 Kg5 49. Bc2 { Black
resigns } 1-0

[Event "ICC tourney 2329 (3 2)"]
[Site "Internet Chess Club"]
[Date "2021.01.22"]
[Round "9"]
[White "Fuydestroyer"]
[Black "Gnanathan"]
[Result "0-1"]
[ICCResult "White checkmated"]
[WhiteElo "129"]
[BlackElo "1101"]
[Opening "Sicilian"]
[ECO "B54"]
[NIC "SI.01"]
[Time "23:56:03"]
[PlyCount "116"]
[TimeControl "180+2"]

1. e4 c5 2. Nf3 d6 3. d4 cxd4 4. Nxd4 Nc6 5. Nc3 a6 6. Be2 Nf6 7. O-O e6 8.
Bg5 Be7 9. Qd3 O-O 10. Nxc6 bxc6 11. Qg3 Nh5 12. Bxe7 Nxg3 13. Bxd8 Nxe2+
14. Nxe2 Rxd8 15. Rad1 d5 16. exd5 cxd5 17. Nc3 Bb7 18. f4 Rac8 19. g3 d4
20. Na4 Rxc2 21. Rf2 Rxf2 22. Kxf2 d3 23. Nc5 Bd5 24. Rxd3 Rc8 25. Nb3 Rc2+
26. Rd2 Bxb3 27. Rxc2 Bxc2 28. Ke2 Bb1 29. Kd2 Kf8 30. Kc3 Ke7 31. b3 Kd6
32. Kb2 Bd3 33. Kc3 Bb5 34. Kb4 Kd5 35. a4 Bc6 36. Kc3 Kc5 37. b4+ Kb6 38.
a5+ Kb5 39. Kb3 Bd5+ 40. Kc3 Kc6 41. Kd4 f6 42. Kc3 Kb5 43. h4 h5 44. f5 e5
45. g4 hxg4 46. Kd2 g3 47. Ke3 g2 48. Kf2 Kxb4 49. h5 Kxa5 50. Kg1 Kb4 51.
Kh2 a5 52. Kg1 a4 53. Kh2 a3 54. Kg1 a2 55. Kh2 a1=Q 56. Kg3 Qe1+ 57. Kh3
g1=Q 58. h6 Qeg3# { White checkmated } 0-1

[Event "ICC tourney 2329 (3 2)"]
[Site "Internet Chess Club"]
[Date "2021.01.22"]
[Round "9"]
[White "ConnorGo"]
[Black "Ben2008"]
[Result "0-1"]
[ICCResult "White checkmated"]
[WhiteElo "1145"]
[BlackElo "1900"]
[Opening "Sicilian: closed"]
[ECO "B23"]
[NIC "SI.44"]
[Time "23:56:11"]
[PlyCount "66"]
[TimeControl "180+2"]

1. e4 c5 2. Nc3 d6 3. Bc4 e6 4. Nf3 Nf6 5. e5 dxe5 6. Nxe5 a6 7. O-O b5 8.
Be2 Bb7 9. Bf3 Nd5 10. Bh5 g6 11. Qf3 Qe7 12. Bg4 Bg7 13. Nd3 Nxc3 14. Qg3
Ne4 15. Qf4 O-O 16. Bf3 f5 17. Ne5 g5 18. Qe3 Bxe5 19. d3 Bf4 20. Qe2 Bxc1
21. Raxc1 Nd6 22. Bxb7 Nxb7 23. Qh5 Nd6 24. Rce1 Nc6 25. Re3 f4 26. Re2 Nd4
27. Re5 Nf7 28. Re4 Qf6 29. Qd1 f3 30. g3 Qh6 31. Rg4 Qh3 32. Qxf3 Nxf3+
33. Kh1 Qxf1# { White checkmated } 0-1

[Event "ICC tourney 2329 (3 2)"]
[Site "Internet Chess Club"]
[Date "2021.01.22"]
[Round "9"]
[White "Kyle45"]
[Black "Ayushb"]
[Result "1-0"]
[ICCResult "Black resigns"]
[WhiteElo "1100"]
[BlackElo "1769"]
[Opening "Queen's pawn game, Darooha variation "]
[ECO "D02"]
[NIC "QP.08"]
[Time "23:56:08"]
[PlyCount "79"]
[TimeControl "180+2"]

1. d4 d5 2. Nf3 Nf6 3. g3 e6 4. Bg2 Be7 5. O-O O-O 6. Nc3 Nbd7 7. Re1 b6 8.
Bf4 a6 9. e4 dxe4 10. Nxe4 Bb7 11. Nxf6+ Nxf6 12. c3 c5 13. Be5 Rc8 14. Qd2
cxd4 15. Bxd4 Ne4 16. Qe2 Bc5 17. Ne5 Bxd4 18. cxd4 Nd6 19. Bxb7 Nxb7 20.
Rad1 Qd5 21. b3 Rc7 22. Nc4 b5 23. Ne3 Qg5 24. d5 exd5 25. Rxd5 Qe7 26. Nf5
Qxe2 27. Rxe2 g6 28. Ne7+ Kg7 29. Rde5 Nd6 30. Nd5 Rc1+ 31. Kg2 Ra1 32. Nb4
a5 33. Nc6 a4 34. bxa4 bxa4 35. Ra5 Rc8 36. Nd4 Rc4 37. Nf3 Kf6 38. Nd2 Rc2
39. Ne4+ Nxe4 40. Rxc2 { Black resigns } 1-0

[Event "ICC tourney 2329 (3 2)"]
[Site "Internet Chess Club"]
[Date "2021.01.22"]
[Round "9"]
[White "Zapateado"]
[Black "Goran21"]
[Result "0-1"]
[ICCResult "White resigns"]
[WhiteElo "1908"]
[BlackElo "2008"]
[Opening "English opening"]
[ECO "A16"]
[NIC "EO.64"]
[Time "23:56:15"]
[PlyCount "90"]
[TimeControl "180+2"]

1. c4 Nf6 2. Nc3 g6 3. g3 Bg7 4. Bg2 O-O 5. e4 d6 6. Nge2 c5 7. d3 Nc6 8.
O-O e5 9. h3 Nh5 10. g4 Nf6 11. f4 exf4 12. Nxf4 Nd7 13. Nfd5 Nde5 14. Be3
Nd4 15. Ne2 Qh4 16. Nxd4 cxd4 17. Bf2 Qd8 18. Kh1 f5 19. gxf5 gxf5 20. Bxd4
fxe4 21. Rxf8+ Bxf8 22. dxe4 Qh4 23. Qf1 Bg7 24. Bf2 Qh6 25. Be3 Qh5 26.
Ne7+ Kh8 27. Nf5 Bxf5 28. Qxf5 Qe2 29. Qf2 Qxc4 30. b3 Qe6 31. Rf1 Rf8 32.
Qh4 Rxf1+ 33. Bxf1 Ng6 34. Qd8+ Nf8 35. Bg2 h6 36. Qb8 d5 37. Qxb7 d4 38.
Bd2 a6 39. Qd5 Qf6 40. e5 Qf2 41. Qa5 Ng6 42. Be1 Qe3 43. Qd2 Qxe5 44. Qd3
Qxe1+ 45. Kh2 Be5+ { White resigns } 0-1

[Event "ICC tourney 2329 (3 2)"]
[Site "Internet Chess Club"]
[Date "2021.01.22"]
[Round "9"]
[White "Purushottam123"]
[Black "avocuddle"]
[Result "0-1"]
[ICCResult "White checkmated"]
[WhiteElo "1700"]
[BlackElo "1961"]
[Opening "Caro-Kann: Panov-Botvinnik attack"]
[ECO "B13"]
[NIC "CK.03"]
[Time "23:56:12"]
[PlyCount "94"]
[TimeControl "180+2"]

1. e4 c6 2. d4 d5 3. exd5 cxd5 4. c4 Nf6 5. Nc3 Nc6 6. c5 Bf5 7. Bb5 a6 8.
Ba4 e6 9. h3 Be7 10. Nf3 O-O 11. O-O Ne4 12. Bf4 Nxc3 13. bxc3 Na5 14. Re1
Nc4 15. Nd2 Nb2 16. Qe2 Nxa4 17. Qf3 Nb2 18. Be5 Nd3 19. Re3 Nxe5 20. Rxe5
Bf6 21. Re2 h6 22. Rae1 Bg5 23. Nb3 Be4 24. Qg4 Qf6 25. f3 Bf5 26. Qg3 Bh4
27. Qf4 Bxe1 28. Rxe1 Qg5 29. Qh2 Rae8 30. Re5 f6 31. Re1 Bc2 32. Nc1 Qd2
33. Rf1 Qxc3 34. Ne2 Qd3 35. Re1 Qd2 36. Qg3 Bd3 37. Nf4 Bf5 38. Nh5 Qg5
39. Qc7 Qxh5 40. g4 Qh4 41. Re2 Bd3 42. Rd2 Qe1+ 43. Kh2 Qxd2+ 44. Kg3 Qe1+
45. Kg2 Bf1+ 46. Kh2 Qf2+ 47. Kh1 Qg2# { White checkmated } 0-1

[Event "ICC tourney 2329 (3 2)"]
[Site "Internet Chess Club"]
[Date "2021.01.22"]
[Round "9"]
[White "BMWHero"]
[Black "Assured"]
[Result "0-1"]
[ICCResult "White resigns"]
[WhiteElo "2580"]
[BlackElo "2577"]
[Opening "Scandinavian (center counter) defense"]
[ECO "B01"]
[NIC "SD.02"]
[Time "23:56:06"]
[PlyCount "98"]
[TimeControl "180+2"]

1. e4 d5 2. exd5 Qxd5 3. Nc3 Qd8 4. d4 c6 5. Nf3 Bf5 6. Bc4 e6 7. O-O Nd7
8. Re1 Be7 9. Ne2 Ngf6 10. Ng3 Bg6 11. c3 O-O 12. a4 a5 13. Nh4 Nb6 14. Bb3
Nbd5 15. Nxg6 hxg6 16. Qf3 Qb6 17. Bc2 Rad8 18. h4 c5 19. dxc5 Bxc5 20. Rb1
Rd7 21. Bg5 Nh7 22. Ne4 Be7 23. Bxe7 Rxe7 24. b4 Rc8 25. bxa5 Qxa5 26. Rb5
Qc7 27. Rc5 Qd8 28. c4 Rxc5 29. Nxc5 Qa5 30. Nd3 Nb4 31. Re5 Qc7 32. Rc5
Nc6 33. Nb4 Nd4 34. Rxc7 Nxf3+ 35. gxf3 Rxc7 36. Bd3 Nf6 37. Kf1 Nd7 38.
Ke2 Ne5 39. Nc2 Nxc4 40. Nd4 Nd6 41. f4 Rc3 42. Nc2 Kf8 43. Kd2 Rc5 44. Nb4
Rh5 45. Be2 Rxh4 46. Ke3 g5 47. Nd3 gxf4+ 48. Nxf4 Nf5+ 49. Ke4 g5 { White
resigns } 0-1

[Event "ICC tourney 2329 (3 2)"]
[Site "Internet Chess Club"]
[Date "2021.01.22"]
[Round "9"]
[White "Kinawa"]
[Black "stephenwilly"]
[Result "1/2-1/2"]
[ICCResult "Game drawn because neither player has mating material"]
[WhiteElo "1535"]
[BlackElo "1460"]
[Opening "Scotch gambit"]
[ECO "C44"]
[NIC "SO.06"]
[Time "23:56:09"]
[PlyCount "143"]
[TimeControl "180+2"]

1. e4 e5 2. Nf3 Nc6 3. d4 exd4 4. Bc4 h6 5. e5 d5 6. Bb5 Ne7 7. Nxd4 a6 8.
Bxc6+ Nxc6 9. Nxc6 bxc6 10. O-O Bc5 11. Nc3 O-O 12. Bf4 Bf5 13. Ne2 Re8 14.
Nd4 Bg6 15. Nxc6 Qd7 16. Nd4 Rab8 17. b3 Bxd4 18. Qxd4 Qf5 19. c3 c5 20.
Qa4 d4 21. Bg3 dxc3 22. Qc4 Qd3 23. Rac1 Qxc4 24. bxc4 Bd3 25. Rfd1 Bxc4
26. Rxc3 Bxa2 27. Rxc5 Red8 28. Rcc1 Rxd1+ 29. Rxd1 Rb1 30. Rxb1 Bxb1 31.
Bf4 a5 32. Bc1 Kf8 33. Kf1 Ke7 34. Ke2 Ke6 35. f4 Be4 36. g3 Kf5 37. Ke3
Bc6 38. h3 Bg2 39. g4+ Ke6 40. h4 h5 41. gxh5 Kf5 42. Kd4 Kg4 43. Kc4 Kxh4
44. Kb5 Kxh5 45. Kxa5 Kg4 46. Kb4 Bd5 47. Kc3 Kf5 48. Kd3 Be6 49. Kd4 g6
50. Bd2 Kg4 51. Bc1 Kf3 52. Kc3 Ke2 53. Bd2 Bd5 54. Bc1 Kf3 55. Bd2 Be6 56.
Bc1 Ke2 57. Bd2 Kf3 58. Bc1 Ke4 59. Bd2 g5 60. fxg5 Kxe5 61. Kd3 Kf5 62.
Kd4 Kg6 63. Ke5 Kh5 64. Be3 Kg4 65. Kf6 Kh5 66. Bb6 Kg4 67. Bd8 Kh5 68. Be7
Kg4 69. Bf8 Kh5 70. Bh6 Kg4 71. g6 fxg6 72. Kxg6 { Game drawn because
neither player has mating material } 1/2-1/2